 Dungeon Crawl Stone Soup version 0.31-a0-236-g9a0961fb85 (webtiles) character file.

Game seed: 3798835035677837682

71 qw the Shooter (level 4, 0/26 HPs)
             Began as a Gargoyle Hexslinger on July 10, 2023.
             Slain by Sigmund
             ... wielding a +3 scythe
              (12 damage)
             ... on level 2 of the Dungeon.
             The game lasted 00:00:48 (1451 turns).

qw the Shooter (Gargoyle Hexslinger)                Turns: 1451, Time: 00:00:49

Health: 0/26       AC:  8    Str: 12    XL:     4   Next: 24%
Magic:  5/5        EV: 10    Int: 13    God:
Gold:   67         SH:  0    Dex: 14    Spells: 4/5 levels left

rFire   . . .        Y - +2 sling
rCold   . . .        (no shield)
rNeg    + . .        e - +0 ring mail
rPois   inf          (no helmet)
rElec   +            (no cloak)
rCorr   .            (no gloves)
SInv    .            (no boots)
Will    .....        (no amulet)
Stlth   +            (no ring)
HPRegen 0.24/turn    (no ring)
MPRegen 0.09/turn

%: no passive effects
@: no status effects
A: sickness immunity, AC +3, negative energy resistance 1, electricity
resistance, torment resistance 1, petrification resistance
a: no special abilities


You were on level 2 of the Dungeon.
You visited 1 branch of the dungeon, and saw 2 of its levels.

You collected 67 gold pieces.


Innate Abilities, Weirdness & Mutations

You are immune to sickness and miasma.
Your stone body is resilient. (AC +3)
You are immune to poison.
You resist negative energy. (rN+)
You are resistant to electric shocks. (rElec)
You are resistant to unholy torment.
You are immune to petrification.


   Skills:
 - Level 2.0 Fighting
 - Level 4.0 Ranged Weapons
 + Level 0.5 Armour
 - Level 1.5 Dodging
 - Level 1.0 Spellcasting
 - Level 2.6 Hexes


You had 4 spell levels left.
You knew the following spells:

 Your Spells              Type           Power      Damage    Failure   Level
a - Slow                  Hex            28%        N/A       22%         1

Your spell library contained the following spells:

 Spells                   Type           Power      Damage    Failure   Level
 Inner Flame              Hex/Fire       4%         N/A       73%         3
 Portal Projectile        Hex/Tloc       8%         N/A       73%         3
 Cause Fear               Hex            3%         N/A       91%         4

Inventory:

Hand Weapons
 Y - a +2 sling (weapon)
Armour
 e - a +0 ring mail (worn)
Scrolls
 b - a scroll of fear {unknown}
 d - 2 scrolls of identify
 h - a scroll of fog {unknown}
Potions
 a - a potion of degeneration {unknown}
 c - a potion of enlightenment {unknown}
 f - a potion of cancellation {unknown}
 g - 2 potions of haste {unknown}

Dungeon Overview and Level Annotations

Branches:
Dungeon (2/15)

Altars:

Annotations:
D:2 Sigmund


Message History

There is an open door here.
Found a stone staircase leading up.
Enter note:
Enter note:
Enter note:
Enter note:
Enter note:
Enter note:
Enter note:
Enter note: You shoot a sling bullet.
The sling bullet closely misses Sigmund.
Sigmund points at you and mumbles some strange words.
You are confused.
Sigmund smiles chillingly.
Sigmund barely misses you.
Sigmund points at you and mumbles some strange words.
The puff of flame hits you but does no damage.
You feel less confused. Sigmund barely misses you.
You shoot a sling bullet.
The sling bullet closely misses Sigmund.
Sigmund casts a spell at you. You resist with some effort.
You shoot a sling bullet. The sling bullet barely misses Sigmund.
Sigmund hits you but does no damage.
You shoot a sling bullet.
The sling bullet closely misses Sigmund.
Sigmund gestures wildly while chanting.
Sigmund flickers and vanishes!
Deactivating autopickup; reactivate with Ctrl-A.
You shoot a sling bullet. Something hits you.
You shoot a sling bullet. Something hits you.
You shoot a sling bullet. Something hits you!
You shoot a sling bullet. Something hits you!
You die...

#.###.#....# #.......#
#......#.# #.###'#....#
#.......# #+###.##.#
#..........###.........
#....#
#.............#.###....
####.#
#........#....#...+....
#....#
#.###'##.'....#..##....
#.##.#
#.###.##.#....#.... #
#.#
#...#.##.#....##.###
#.##.#
###.#.##........@..#
#.#.....
#.#.##.....###.#.#
#.#..#..
#.#.##.....+.#{# <.
#.#...##
###.#....#...#.#.# ##
##.#.....
....######...#.#..
#.......#
.##............###
#........
.##............###
#.#......
.##..%............
#.#......
###...........####
#...##...


There were no monsters in sight!

Vanquished Creatures
  Jessica (D:2)
  4 endoplasms
  3 giant cockroaches (D:1)
  4 goblins (D:1)
  2 hobgoblins (D:1)
  7 jackals (D:1)
  3 kobolds (D:1)
  2 quokkas
  2 ball pythons
  5 bats
  5 frilled lizards
  3 rats
41 creatures vanquished.

Notes
Turn   | Place    | Note
-------+----------+-------------------------------------------
     0 | D:1      | qw the Gargoyle Hexslinger began the quest for the Orb.
     0 | D:1      | Reached XP level 1. HP: 12/12 MP: 2/2
     0 | D:1      | 0 ||| qw: Version: 0.3-a-52-g30416fa
     0 | D:1      | 0 ||| qw: Game counter: 4708
     0 | D:1      | 0 ||| qw: Melee chars always use a shield: true
     0 | D:1      | 0 ||| qw: God list: Okawaru
     0 | D:1      | 0 ||| qw: Allow faded altars: false
     0 | D:1      | 0 ||| qw: Do Orc after clearing Dungeon:15 true
     0 | D:1      | 0 ||| qw: Do second Lair branch before Depths: true
     0 | D:1      | 0 ||| qw: Lair rune preference: random
     0 | D:1      | 0 ||| qw: Goals: Normal
     0 | D:1      | 0 ||| PLANNING D:1-11
    64 | D:1      | 64 ||| UPGRADING to +0 ring mail.
    83 | D:1      | 83 ||| DROPPING +0 robe.
    84 | D:1      | 84 ||| READING scroll labelled VOS OXAABOISIZ.
    85 | D:1      | 85 ||| DROPPING scroll of poison.
   143 | D:1      | Reached XP level 2. HP: 10/16 MP: 3/3
   144 | D:1      | 144 ||| FLEEEEING.
   148 | D:1      | 148 ||| FLEEEEING.
   152 | D:1      | 152 ||| FLEEEEING.
   153 | D:1      | 153 ||| FLEEEEING.
   159 | D:1      | 159 ||| FLEEEEING.
   253 | D:1      | Reached skill level 3 in Ranged Weapons
   253 | D:1      | 253 ||| FLEEEEING.
   254 | D:1      | 254 ||| FLEEEEING.
   255 | D:1      | 255 ||| FLEEEEING.
   256 | D:1      | 256 ||| FLEEEEING.
   257 | D:1      | 257 ||| FLEEEEING.
   258 | D:1      | 258 ||| FLEEEEING.
   259 | D:1      | 259 ||| FLEEEEING.
   260 | D:1      | 260 ||| FLEEEEING.
   261 | D:1      | 261 ||| FLEEEEING.
   262 | D:1      | 262 ||| FLEEEEING.
   263 | D:1      | 263 ||| FLEEEEING.
   264 | D:1      | 264 ||| FLEEEEING.
   265 | D:1      | 265 ||| FLEEEEING.
   431 | D:1      | Reached XP level 3. HP: 21/21 MP: 4/4
   442 | D:1      | Found a faded altar of an unknown god.
   783 | D:1      | 783 ||| READING scroll labelled DYDETR IVAUSTU.
   787 | D:1      | 787 ||| READING scroll labelled TESSEY DEINWI.
  1121 | D:2      | Noticed Sigmund
  1124 | D:2      | Noticed Jessica
  1128 | D:2      | Killed Jessica
  1129 | D:2      | Reached skill level 4 in Ranged Weapons
  1129 | D:2      | Reached XP level 4. HP: 15/26 MP: 5/5
  1133 | D:2      | HP: 4/26 [Sigmund/+3 scythe (6)]
  1134 | D:2      | 1134 ||| READING scroll of teleportation.
  1451 | D:2      | Slain by Sigmund

Levels and vault maps discovered:
D:1:      dpeg_arrival_lava_temple_mockup, layout_rooms,
          chequers_ecumenical_altar_island, minmay_liquid_box,
          hangedman_glass_teeth
D:2:      layout_basic, uniq_sigmund, uniq_jessica

Skill      XL: |  1  2  3 |
---------------+----------+-----
Ranged Weapons | 3 4 |  4.0
Fighting       | 2 |  2.0
Armour         | |  0.5
Dodging        | |  1.5
Spellcasting   | |  1.0
Hexes          | |  2.6

Action                     |  1- 3 |  4- 6 || total
---------------------------+-------+-------++-------
   Fire: Sling             |   151 |    38 ||   189
    Use: Scroll            |     3 |     1 ||     4
 Armour: Ring mail         |    40 |    14 ||    54
         Robe              |     4 |       ||     4
  Dodge: Dodged            |    69 |    11 ||    80

Table legend:
 A = Non-vault XP
 B = Vault XP
 C = Vault XP percentage of total XP
 D = Non-vault monster count
 E = Vault monster count
 F = Vault count percentage of total count
                 A         B        C        D         E       F
            +---------+---------+-------+---------+---------+-------
      Total |      65 |      37 |  36.3 |      40 |       1 |   2.4
            +---------+---------+-------+---------+---------+-------
        D:1 |      52 |       0 |   0.0 |      31 |       0 |   0.0
        D:2 |      13 |      37 |  74.0 |       9 |       1 |  10.0
            +---------+---------+-------+---------+---------+-------
